[Event "ICC tourney 2488 (120 10)"]
[Site "Internet Chess Club"]
[Date "2021.04.03"]
[Round "3"]
[White "GINZBURG, LIORA:Liopleuradon15"]
[Black "LIAO, CAITLIN:che8642"]
[Result "1/2-1/2"]
[ICCResult "Game drawn by mutual agreement"]
[WhiteElo "1507"]
[BlackElo "1530"]
[Opening "QGD: Cambridge Springs defense"]
[ECO "D52"]
[NIC "QO.15"]
[Time "11:03:05"]
[PlyCount "122"]
[TimeControl "7200+10"]

1. Nf3 d5 2. d4 Nf6 3. c4 c6 4. Nc3 e6 5. Bg5 Nbd7 6. e3 Qa5 7. c5 Ne4 8.
Bd3 Nxc3 9. Qd2 b6 10. bxc3 bxc5 11. O-O cxd4 12. exd4 h6 13. Be3 c5 14.
Rab1 c4 15. Be2 Bd6 16. Rb2 O-O 17. Rfb1 Ba6 18. Rc2 Rfb8 19. Rf1 Rb7 20.
Ne1 Rab8 21. f4 Nf6 22. Bf3 Ba3 23. g4 Rb2 24. g5 Rxc2 25. Nxc2 hxg5 26.
fxg5 Ne4 27. Bxe4 dxe4 28. h4 Bb2 29. Nb4 Bxc3 30. Qxc3 Qxb4 31. Qc2 c3 32.
Rc1 Bd3 33. Qf2 c2 34. g6 f6 35. h5 Qa3 36. h6 Rb1 37. Qf4 Rxc1+ 38. Bxc1
Qf8 39. Qc7 e3 40. Bxe3 Bxg6 41. Qxa7 gxh6 42. Qa6 Bf5 43. a4 Qb8 44. Qc6
h5 45. Qg2+ Kh7 46. Qf3 Qb1+ 47. Kf2 c1=Q 48. Qxh5+ Kg7 49. Qh6+ Kf7 50.
Bxc1 Qc2+ 51. Bd2 Qxa4 52. Qh5+ Ke7 53. Be3 Qc2+ 54. Qe2 Qxe2+ 55. Kxe2 Kd6
56. Kf3 Kd5 57. Kf4 Be4 58. Bf2 Bf5 59. Be3 Kc4 60. Bf2 Kd3 61. d5 exd5 {
Game drawn by mutual agreement } 1/2-1/2

[Event "ICC tourney 2488 (120 10)"]
[Site "Internet Chess Club"]
[Date "2021.04.03"]
[Round "3"]
[White "RAMKUMAR, ADITYA:aditya7708"]
[Black "WANG, FELICITY:fireheart"]
[Result "0-1"]
[ICCResult "White resigns"]
[WhiteElo "1627"]
[BlackElo "1649"]
[Opening "Queen's pawn game"]
[ECO "D02"]
[NIC "QP.09"]
[Time "11:03:08"]
[PlyCount "108"]
[TimeControl "7200+10"]

1. Nf3 d5 2. d4 e6 3. Bf4 c5 4. e3 Nc6 5. c3 Nf6 6. Nbd2 Be7 7. Bd3 Nh5 8.
Bg3 Nxg3 9. hxg3 h6 10. Bb5 a6 11. Bxc6+ bxc6 12. Ne5 Qc7 13. Qg4 Bf6 14.
f4 Rb8 15. Rb1 g6 16. Nb3 h5 17. Qf3 c4 18. Nd2 Bxe5 19. fxe5 Qe7 20. e4
Rf8 21. Rf1 Bb7 22. Qf6 c5 23. Qxe7+ Kxe7 24. dxc5 Rfc8 25. b4 cxb3 26.
Nxb3 dxe4 27. Na5 Ba8 28. Rb4 Rb5 29. Nb3 Bd5 30. Nd4 Rbxc5 31. Ne2 a5 32.
Ra4 Bc4 33. Rf4 Rxe5 34. Nd4 g5 35. Rf2 Bd3 36. Ra3 e3 37. Rb2 Rec5 38. c4
Bxc4 39. Rxe3 Rd8 40. Nf3 Rcd5 41. Nd2 Bd3 42. Rb7+ R8d7 43. Rb2 Rc7 44.
Kf2 Rf5+ 45. Rf3 Rc2 46. Rb7+ Kf6 47. Ke3 Ba6 48. Ne4+ Ke5 49. Rxf5+ exf5
50. Re7+ Kd5 51. Rd7+ Kc6 52. Rd6+ Kb7 53. Rd7+ Kc8 54. Ra7 Re2+ { White
resigns } 0-1

[Event "ICC tourney 2488 (120 10)"]
[Site "Internet Chess Club"]
[Date "2021.04.03"]
[Round "3"]
[White "WANG, CHLOE HEATHER:kittycat35"]
[Black "CHANDI, ISHNOOR SINGH:Ishnoor"]
[Result "0-1"]
[ICCResult "White resigns"]
[WhiteElo "1697"]
[BlackElo "1545"]
[Opening "French: Tarrasch, closed variation"]
[ECO "C05"]
[NIC "FR.16"]
[Time "11:03:07"]
[PlyCount "74"]
[TimeControl "7200+10"]

1. e4 e6 2. d4 d5 3. Nd2 Nf6 4. e5 Nfd7 5. Ngf3 c5 6. c3 Nc6 7. Be2 Be7 8.
Nb3 c4 9. Nbd2 O-O 10. O-O b5 11. h3 b4 12. Qc2 Qa5 13. a3 Ba6 14. Nh2 Bb5
15. f4 bxa3 16. b4 Qb6 17. Bxa3 a5 18. bxa5 Rxa5 19. Bxe7 Nxe7 20. g4 Rfa8
21. Rxa5 Rxa5 22. Qb2 Qa7 23. Bf3 Bc6 24. Qb4 Nc8 25. Qb1 Ra3 26. Rc1 Rxc3
27. Rxc3 Qxd4+ 28. Kf1 Qxc3 29. Ke2 Qd4 30. Qa2 Qd3+ 31. Ke1 c3 32. Nb3 c2
33. Qb2 Qxb3 34. Qxb3 c1=Q+ 35. Bd1 Qc4 36. Qg3 Bb5 37. Bf3 Nc5 { White
resigns } 0-1

[Event "ICC tourney 2488 (120 10)"]
[Site "Internet Chess Club"]
[Date "2021.04.03"]
[Round "3"]
[White "LOPEZ, FRANCISCO JAVIER:steinutz"]
[Black "BENDRE, SOHAN ANUP:sbendre"]
[Result "0-1"]
[ICCResult "White resigns"]
[WhiteElo "1749"]
[BlackElo "1525"]
[Opening "Trompowsky attack (Ruth, Opocenský opening)"]
[ECO "A45"]
[NIC "QP.07"]
[Time "11:03:19"]
[PlyCount "80"]
[TimeControl "7200+10"]

1. d4 Nf6 2. Bg5 e6 3. e3 Nc6 4. Nf3 b6 5. Nbd2 Be7 6. c3 Bb7 7. Bd3 Nd5 8.
Bxe7 Ncxe7 9. O-O Nf6 10. e4 O-O 11. e5 Nfd5 12. Bxh7+ Kh8 13. Bc2 Nf4 14.
Ne4 Nf5 15. Ng3 Nh4 16. Nxh4 Qxh4 17. f3 g6 18. Be4 c6 19. Nh1 Ba6 20. Re1
Qg5 21. Ng3 Kg7 22. Qa4 Bb5 23. Qc2 Rh8 24. c4 Ba6 25. b3 Rh7 26. Nf1 Rah8
27. g3 Nh3+ 28. Kh1 b5 29. Re2 bxc4 30. bxc4 Qe7 31. Qa4 Bc8 32. Qxa7 Qb4
33. Qc5 Qc3 34. Rb1 Ng5 35. Rc2 Nxf3 36. Rbb2 Qe1 37. Kg2 Qxe4 38. Re2
Rxh2+ 39. Nxh2 Rxh2+ 40. Kf1 Nd2+ { White resigns } 0-1

[Event "ICC tourney 2488 (120 10)"]
[Site "Internet Chess Club"]
[Date "2021.04.03"]
[Round "3"]
[White "Ramesh, Aadhitya:aadhityaaaaaa"]
[Black "GUNN, HAN:Han366"]
[Result "1-0"]
[ICCResult "Black resigns"]
[WhiteElo "1700"]
[BlackElo "1700"]
[Opening "Neo-Grünfeld, 6.O-O c6"]
[ECO "D78"]
[NIC "GI.02"]
[Time "11:04:09"]
[PlyCount "107"]
[TimeControl "7200+10"]

1. d4 Nf6 2. Nf3 g6 3. g3 Bg7 4. Bg2 O-O 5. O-O d5 6. c4 c6 7. Nc3 Nbd7 8.
Bg5 h6 9. Bxf6 Nxf6 10. Nd2 Qb6 11. cxd5 cxd5 12. e3 Rd8 13. Qb3 Qxb3 14.
Nxb3 Bf5 15. f3 Bd3 16. Rfe1 Bc4 17. Na5 Ba6 18. b4 b6 19. Nc6 Rd7 20. b5
Bb7 21. Nb4 Rc7 22. Rac1 Rac8 23. Ne2 Kf8 24. Rxc7 Rxc7 25. Rc1 Rxc1+ 26.
Nxc1 Ke8 27. Ncd3 Nd7 28. Kf2 g5 29. f4 Nf6 30. Ne5 Ne4+ 31. Bxe4 dxe4 32.
Nec6 gxf4 33. gxf4 f6 34. d5 f5 35. Nxa7 Kd7 36. Nac6 Bf6 37. Nc2 Kd6 38.
N2d4 Kxd5 39. Nxf5 Bxc6 40. bxc6 Kxc6 41. Nxh6 Kb5 42. Kg3 Ka4 43. Ng8 Bh8
44. Nxe7 Ka3 45. Nd5 b5 46. f5 Kxa2 47. f6 Bxf6 48. Nxf6 b4 49. Nxe4 b3 50.
Nd2 b2 51. h4 Ka3 52. Kf2 Kb4 53. h5 Kc3 54. Ke2 { Black resigns } 1-0

[Event "ICC tourney 2488 (120 10)"]
[Site "Internet Chess Club"]
[Date "2021.04.03"]
[Round "4"]
[White "LIAO, CONNOR:che2468"]
[Black "XIONG, LANG:langlglang"]
[Result "1-0"]
[ICCResult "Black checkmated"]
[WhiteElo "1488"]
[BlackElo "1644"]
[Opening "Pirc: Byrne variation"]
[ECO "B07"]
[NIC "PU.09"]
[Time "16:16:50"]
[PlyCount "45"]
[TimeControl "7200+10"]

1. d4 Nf6 2. Nc3 g6 3. e4 d6 4. Bg5 Bg7 5. Qd2 Nbd7 6. Bh6 O-O 7. f3 c5 8.
d5 a6 9. g4 Ne5 10. h4 e6 11. h5 Bxh6 12. Qxh6 gxh5 13. g5 Ned7 14. gxf6
Nxf6 15. Rh2 Kh8 16. Nge2 exd5 17. Nxd5 Nxd5 18. exd5 Bf5 19. O-O-O Qa5 20.
Rxh5 Bg6 21. Nf4 Qxa2 22. Nxg6+ fxg6 23. Qxh7# { Black checkmated } 1-0

[Event "ICC tourney 2488 (120 10)"]
[Site "Internet Chess Club"]
[Date "2021.04.03"]
[Round "4"]
[White "LIAO, CAITLIN:che8642"]
[Black "AYYAPPAN, SANTHOSH:SanthoshA"]
[Result "0-1"]
[ICCResult "White checkmated"]
[WhiteElo "1530"]
[BlackElo "1661"]
[Opening "Queen's pawn: Chigorin variation"]
[ECO "D00"]
[NIC "QP.08"]
[Time "16:15:49"]
[PlyCount "84"]
[TimeControl "7200+10"]

1. d4 d5 2. Nc3 Nf6 3. Bf4 Bf5 4. f3 e6 5. g4 Bg6 6. h4 h6 7. e3 Bd6 8. Nh3
Nc6 9. Nb5 Nb4 10. Nxd6+ cxd6 11. Bb5+ Nd7 12. Ba4 Qa5 13. c3 Nd3+ 14. Ke2
Nxb2 15. Bxd7+ Kxd7 16. Qb3 Qa6+ 17. Kd2 Nc4+ 18. Ke1 Qb6 19. Ke2 Rac8 20.
Rhc1 Rc6 21. Nf2 Qa6 22. Qd1 Nb2+ 23. Ke1 Nxd1 24. Nxd1 Bd3 25. Kf2 Bf1 26.
Rc2 Rhc8 27. Rac1 Bc4 28. Bg3 Qa4 29. Kg1 Bxa2 30. Nb2 Qb5 31. Be1 Bb3 32.
Rf2 a5 33. Ra1 a4 34. Nd1 Bxd1 35. Rxd1 a3 36. Ra1 Qb3 37. Rfa2 Rxc3 38.
Bxc3 Rxc3 39. Kf1 Rxe3 40. Kf2 Rxf3+ 41. Ke2 Qd3+ 42. Ke1 Rf1# { White
checkmated } 0-1

[Event "ICC tourney 2488 (120 10)"]
[Site "Internet Chess Club"]
[Date "2021.04.03"]
[Round "4"]
[White "TREUSDELL, ROSS G:IveDoneEnough"]
[Black "LOPEZ, FRANCISCO JAVIER:steinutz"]
[Result "1-0"]
[ICCResult "Black checkmated"]
[WhiteElo "1649"]
[BlackElo "1749"]
[Opening "Scandinavian: Pytel-Wade variation"]
[ECO "B01"]
[NIC "SD.02"]
[Time "16:15:59"]
[PlyCount "85"]
[TimeControl "7200+10"]

1. e4 d5 2. exd5 Qxd5 3. Nc3 Qd6 4. d4 c6 5. Bc4 Nf6 6. Nge2 Bg4 7. O-O e6
8. Bf4 Qd8 9. Qd2 Be7 10. Ng3 O-O 11. h3 Bh5 12. Nxh5 Nxh5 13. Be3 Nd7 14.
Rae1 Qc7 15. g4 Nhf6 16. f4 Nb6 17. Bd3 Nfd5 18. Ne4 Nxe3 19. Qxe3 Nd5 20.
Qf3 b5 21. f5 Bh4 22. Re2 e5 23. f6 Bxf6 24. Nxf6+ Nxf6 25. dxe5 Nd5 26. h4
Rae8 27. Rfe1 Qe7 28. g5 Qb4 29. Re4 Qxb2 30. Qg4 Re6 31. R4e2 Qb4 32. c4
Nb6 33. Bf5 Re7 34. e6 fxe6 35. Bxh7+ Kh8 36. Bg6 Qc5+ 37. Re3 Rf1+ 38.
Kxf1 Rf7+ 39. Bxf7 g6 40. Qxe6 Nxc4 41. Qf6+ Kh7 42. Qxg6+ Kh8 43. Qg8# {
Black checkmated } 1-0

[Event "ICC tourney 2488 (120 10)"]
[Site "Internet Chess Club"]
[Date "2021.04.03"]
[Round "4"]
[White "XIE, DAVID:davidtxie"]
[Black "Martinez, Abraham:Pugnacious"]
[Result "1-0"]
[ICCResult "Black checkmated"]
[WhiteElo "1696"]
[BlackElo "1614"]
[Opening "Vienna game, Max Lange defense"]
[ECO "C25"]
[NIC "VG.04"]
[Time "16:15:57"]
[PlyCount "35"]
[TimeControl "7200+10"]

1. e4 e5 2. Nc3 Nc6 3. Bc4 Bc5 4. Qg4 Qf6 5. Nd5 Qxf2+ 6. Kd1 Kd8 7. Qxg7
d6 8. Nh3 Bxh3 9. Rf1 Bg4+ 10. Qxg4 Qd4 11. d3 Bb6 12. c3 Qc5 13. Qg7 Na5
14. Qxh8 Nxc4 15. Qxg8+ Kd7 16. Qxa8 Na5 17. Rxf7+ Kc6 18. Qe8# { Black
checkmated } 1-0

[Event "ICC tourney 2488 (120 10)"]
[Site "Internet Chess Club"]
[Date "2021.04.03"]
[Round "4"]
[White "ZHU, RYAN:Ryan123455"]
[Black "TANG, VINCENT:VincentT2008"]
[Result "0-1"]
[ICCResult "White resigns"]
[WhiteElo "1684"]
[BlackElo "1744"]
[Opening "Scotch game"]
[ECO "C45"]
[NIC "SO.04"]
[Time "16:16:32"]
[PlyCount "66"]
[TimeControl "7200+10"]

1. e4 e5 2. Nf3 Nc6 3. d4 exd4 4. Nxd4 Qf6 5. c3 Bc5 6. Be3 Nge7 7. Bc4 O-O
8. O-O Ne5 9. Be2 Qg6 10. Nd2 d5 11. Bh5 Qf6 12. f4 N5g6 13. b4 Bb6 14. e5
Qh4 15. Be2 Nf5 16. Nxf5 Bxf5 17. Bxb6 axb6 18. g3 Qe7 19. Nb3 Rfd8 20. g4
Bd7 21. Nd2 c5 22. b5 Ra3 23. Nb1 Ra5 24. a4 Qh4 25. Na3 Qh3 26. Qxd5 Qe3+
27. Rf2 Nxf4 28. Qf3 Nh3+ 29. Kf1 Qxf2+ 30. Qxf2 Nxf2 31. Kxf2 Rxa4 32. c4
Be6 33. Ke3 Rda8 { White resigns } 0-1

[Event "ICC tourney 2488 (120 10)"]
[Site "Internet Chess Club"]
[Date "2021.04.03"]
[Round "4"]
[White "Chen, GEORGE YIMING:oceanicboa"]
[Black "CHERUKURI, DEVESH:Deveshc"]
[Result "1-0"]
[ICCResult "Black checkmated"]
[WhiteElo "1706"]
[BlackElo "1520"]
[Opening "Sicilian: Grand Prix attack"]
[ECO "B23"]
[NIC "SI.44"]
[Time "16:15:48"]
[PlyCount "73"]
[TimeControl "7200+10"]

1. e4 c5 2. Nc3 Nc6 3. f4 e6 4. Nf3 d5 5. Bb5 Ne7 6. exd5 exd5 7. Qe2 d4 8.
Bxc6+ bxc6 9. Na4 Qd6 10. O-O Bf5 11. d3 g6 12. Ne5 Bg7 13. Nc4 Qd5 14. b3
Be6 15. Ba3 Nf5 16. Nxc5 Ne3 17. Nxe3 dxe3 18. Rad1 Bd4 19. Nxe6 fxe6 20.
Bc1 Qh5 21. Rf3 O-O 22. Bxe3 Rxf4 23. Bxd4 Rxd4 24. Qxe6+ Kg7 25. Qf6+ Kg8
26. Qxd4 c5 27. Qc4+ Kh8 28. Rdf1 Kg7 29. Rf7+ Kh6 30. Qf4+ Qg5 31. Qxg5+
Kxg5 32. Rxh7 Re8 33. g3 Re2 34. Rf2 Re1+ 35. Kg2 a5 36. h4+ Kg4 37. Rf4# {
Black checkmated } 1-0

[Event "ICC tourney 2488 (120 10)"]
[Site "Internet Chess Club"]
[Date "2021.04.03"]
[Round "4"]
[White "BENDRE, SOHAN ANUP:sbendre"]
[Black "POWERS, LEON:PKAYLA"]
[Result "1-0"]
[ICCResult "Black resigns"]
[WhiteElo "1525"]
[BlackElo "1714"]
[Opening "Sicilian: accelerated fianchetto, modern variation"]
[ECO "B34"]
[NIC "SI.33"]
[Time "16:25:57"]
[PlyCount "93"]
[TimeControl "7200+10"]

1. e4 c5 2. Nf3 g6 3. d4 cxd4 4. Nxd4 Nc6 5. Nc3 Bg7 6. Be3 Nf6 7. f3 O-O
8. Qd2 d5 9. Nxc6 bxc6 10. O-O-O Qa5 11. a3 dxe4 12. Nxe4 Qxd2+ 13. Nxd2
Nd5 14. Bc5 Re8 15. Nb3 a5 16. Bd4 e6 17. Bxg7 Kxg7 18. Bd3 a4 19. Nc5 f5
20. Bf1 Ra5 21. Nd3 e5 22. Nb4 Nxb4 23. axb4 Rd5 24. Bc4 Rdd8 25. Rxd8 Rxd8
26. Rd1 Rxd1+ 27. Kxd1 Kf6 28. Kd2 h5 29. b5 Be6 30. b6 Bc8 31. Kc3 c5 32.
Bd5 e4 33. fxe4 fxe4 34. Bxe4 g5 35. b7 Bxb7 36. Bxb7 Ke5 37. Kd3 Kf4 38.
Ke2 c4 39. Bc6 c3 40. bxc3 a3 41. Bd5 Ke5 42. Bb3 h4 43. Kf3 Kf5 44. g3 g4+
45. Kf2 h3 46. Ke3 Ke5 47. c4 { Black resigns } 1-0

[Event "ICC tourney 2488 (120 10)"]
[Site "Internet Chess Club"]
[Date "2021.04.03"]
[Round "4"]
[White "GUNN, HAN:Han366"]
[Black "TALWALKAR, VEDANT AMEYA:castle2king"]
[Result "0-1"]
[ICCResult "White resigns"]
[WhiteElo "1700"]
[BlackElo "1644"]
[Opening "King's Indian: Sämisch, 5...O-O"]
[ECO "E81"]
[NIC "KI.54"]
[Time "16:15:47"]
[PlyCount "52"]
[TimeControl "7200+10"]

1. d4 Nf6 2. c4 g6 3. Nc3 Bg7 4. e4 d6 5. f3 O-O 6. Be3 c6 7. Bd3 Nbd7 8.
Nge2 a6 9. Qd2 b5 10. O-O bxc4 11. Bxc4 d5 12. Bb3 dxe4 13. fxe4 e5 14. Kh1
Qc7 15. Rac1 Ng4 16. Bg1 Bh6 17. Qd3 exd4 18. Nxd4 Be3 19. g3 Nde5 20. Qd1
Bxc1 21. Qxc1 Kg7 22. Na4 Qe7 23. Nxc6 Nxc6 24. Qxc6 Bb7 25. Qc3+ Kg8 26.
Rf4 Qxe4+ { White resigns } 0-1

[Event "ICC tourney 2488 (120 10)"]
[Site "Internet Chess Club"]
[Date "2021.04.03"]
[Round "4"]
[White "VALE CRUZ, ARMIN:trucker"]
[Black "CAO, RAY:rcww2020"]
[Result "1-0"]
[ICCResult "Black resigns"]
[WhiteElo "1664"]
[BlackElo "1686"]
[Opening "Sicilian defense"]
[ECO "B44"]
[NIC "SI.39"]
[Time "16:16:34"]
[PlyCount "65"]
[TimeControl "7200+10"]

1. e4 c5 2. Nf3 e6 3. d4 cxd4 4. Nxd4 Nc6 5. Be3 a6 6. a3 Qc7 7. c4 Nf6 8.
Nc3 Be7 9. Rc1 b6 10. Be2 Bb7 11. f3 O-O 12. O-O Rfd8 13. Kh1 Rac8 14. b4
a5 15. Ndb5 Qb8 16. Bxb6 Re8 17. bxa5 Ne5 18. Qa4 Nc6 19. f4 d6 20. Rb1 Nd7
21. Be3 Nc5 22. Bxc5 dxc5 23. a6 Ba8 24. e5 Red8 25. Nd6 Qc7 26. Nxc8 Qxc8
27. Bf3 Rd2 28. Rfd1 Rf2 29. Ne4 Rxf3 30. gxf3 Nd4 31. Rxd4 cxd4 32. a7 Bb7
33. Rxb7 { Black resigns } 1-0

[Event "ICC tourney 2488 (120 10)"]
[Site "Internet Chess Club"]
[Date "2021.04.03"]
[Round "4"]
[White "ZHANG, FRED:Fredzhang"]
[Black "Kashyap, Mahati B:mnm1"]
[Result "1-0"]
[ICCResult "Black resigns"]
[WhiteElo "1574"]
[BlackElo "1580"]
[Opening "Sicilian"]
[ECO "B56"]
[NIC "SI.25"]
[Time "16:16:29"]
[PlyCount "75"]
[TimeControl "7200+10"]

1. e4 c5 2. Nf3 d6 3. d4 cxd4 4. Nxd4 Nf6 5. Nc3 Nc6 6. Nxc6 bxc6 7. Bg5 e6
8. Bd3 Be7 9. O-O O-O 10. f4 Kh8 11. Kh1 e5 12. f5 d5 13. Bxf6 Bxf6 14. Qf3
d4 15. Na4 Qa5 16. b3 Bg5 17. Nb2 Bb7 18. g3 c5 19. Nc4 Qc7 20. h4 Be7 21.
Nb2 f6 22. Nd1 a5 23. a4 Rfc8 24. Bc4 Rd8 25. Nf2 Rab8 26. g4 Bc6 27. Nd3
Qb7 28. Rae1 Qb6 29. g5 Qc7 30. Qh5 Qb7 31. Kh2 Bxe4 32. gxf6 gxf6 33. Rg1
Bxd3 34. Qf7 Bd6 35. Qxf6+ Qg7 36. Rxg7 e4+ 37. Kh1 Bxc4 38. bxc4 { Black
resigns } 1-0

[Event "ICC tourney 2488 (120 10)"]
[Site "Internet Chess Club"]
[Date "2021.04.03"]
[Round "4"]
[White "Ananth, Ananya:Ananya22609"]
[Black "WANG, CHLOE HEATHER:kittycat35"]
[Result "1/2-1/2"]
[ICCResult "Game drawn by mutual agreement"]
[WhiteElo "1637"]
[BlackElo "1697"]
[Opening "Scotch: Mieses variation"]
[ECO "C45"]
[NIC "SO.04"]
[Time "16:15:41"]
[PlyCount "52"]
[TimeControl "7200+10"]

1. e4 e5 2. Nf3 Nc6 3. d4 exd4 4. Nxd4 Nf6 5. Nxc6 bxc6 6. e5 Qe7 7. Qe2
Nd5 8. c4 Nb6 9. b3 d6 10. exd6 cxd6 11. Bb2 Be6 12. g3 f6 13. Bg2 Bd7 14.
Nc3 Qxe2+ 15. Nxe2 Rc8 16. O-O Be7 17. Nf4 Kf7 18. Rad1 Rhd8 19. Rfe1 g5
20. Nd3 Bf5 21. Re3 d5 22. Rde1 Re8 23. c5 Nd7 24. b4 Rb8 25. Bc3 a5 26. a3
Bf8 { Game drawn by mutual agreement } 1/2-1/2

[Event "ICC tourney 2488 (120 10)"]
[Site "Internet Chess Club"]
[Date "2021.04.03"]
[Round "4"]
[White "VISHWA, SUSHEEL:sushivishwa"]
[Black "Ramesh, Aadhitya:aadhityaaaaaa"]
[Result "1/2-1/2"]
[ICCResult "Game drawn by mutual agreement"]
[WhiteElo "1738"]
[BlackElo "1700"]
[Opening "Caro-Kann: advance variation"]
[ECO "B12"]
[NIC "CK.04"]
[Time "16:15:45"]
[PlyCount "56"]
[TimeControl "7200+10"]

1. e4 c6 2. d4 d5 3. e5 Bf5 4. Ne2 e6 5. Ng3 Bg6 6. h4 h5 7. Be2 c5 8. c3
Nc6 9. Be3 Nge7 10. Bxh5 Bxh5 11. Nxh5 Qb6 12. b3 cxd4 13. cxd4 Nf5 14. g4
Nfxd4 15. Kf1 Qa6+ 16. Kg2 Ne2 17. Re1 d4 18. Rxe2 dxe3 19. Rxe3 Rd8 20.
Qc1 Qa5 21. Re4 Nxe5 22. Qg5 Nc6 23. Nxg7+ Bxg7 24. Qxg7 Rxh4 25. Nc3 Ne7
26. Qf6 Rh7 27. Rh1 Rxh1 28. Kxh1 Nd5 { Game drawn by mutual agreement }
1/2-1/2

[Event "ICC tourney 2488 (120 10)"]
[Site "Internet Chess Club"]
[Date "2021.04.03"]
[Round "4"]
[White "HANNA, JOHN:jHanna"]
[Black "RAMKUMAR, ADITYA:aditya7708"]
[Result "1-0"]
[ICCResult "Black resigns"]
[WhiteElo "1750"]
[BlackElo "1627"]
[Opening "Nimzo-Indian: classical variation"]
[ECO "E32"]
[NIC "NI.20"]
[Time "16:16:33"]
[PlyCount "73"]
[TimeControl "7200+10"]

1. d4 Nf6 2. c4 e6 3. Nc3 Bb4 4. Qc2 O-O 5. a3 Bxc3+ 6. Qxc3 b6 7. Bg5 Bb7
8. e3 d6 9. Ne2 Nbd7 10. Rd1 h6 11. Bh4 Rc8 12. Qc2 e5 13. d5 Re8 14. Nc3
g5 15. Bg3 e4 16. Rd4 Qe7 17. Be2 Nf8 18. h4 g4 19. h5 N8h7 20. Rh4 Kh8 21.
Bxg4 Nxg4 22. Rxg4 f5 23. Rg6 Rg8 24. Qd1 Rxg6 25. hxg6 Ng5 26. Qh5 Kg7 27.
Ne2 Rh8 28. Nf4 Bc8 29. Bh4 Qf6 30. Kd2 a6 31. Kc2 b5 32. Qe2 Qe7 33. cxb5
axb5 34. Qxb5 Bd7 35. Qb7 c5 36. dxc6 Rc8 37. Rc4 { Black resigns } 1-0

[Event "ICC tourney 2488 (120 10)"]
[Site "Internet Chess Club"]
[Date "2021.04.03"]
[Round "4"]
[White "WANG, FELICITY:fireheart"]
[Black "FLETCHER, ANDREW JAMES:Draconian"]
[Result "0-1"]
[ICCResult "White resigns"]
[WhiteElo "1649"]
[BlackElo "1706"]
[Opening "Sicilian: Nimzovich-Rossolimo attack (without ...d6)"]
[ECO "B30"]
[NIC "SI.31"]
[Time "16:15:50"]
[PlyCount "120"]
[TimeControl "7200+10"]

1. e4 c5 2. Nf3 Nc6 3. Bb5 e6 4. c3 a6 5. Ba4 b5 6. Bc2 d5 7. O-O d4 8. d3
e5 9. h3 Bd6 10. cxd4 cxd4 11. Bb3 Nf6 12. Nbd2 O-O 13. Re1 Na5 14. Bc2 Qc7
15. Nf1 Be6 16. Bg5 Rac8 17. Rc1 Bxa2 18. b3 Ba3 19. Qe2 Bxc1 20. Rxc1 Qd6
21. Ng3 Nxb3 22. Rf1 g6 23. Bd1 Nc1 24. Bxc1 Rxc1 25. Qxa2 Rfc8 26. Bb3
Rxf1+ 27. Nxf1 Rc7 28. Ng5 Kg7 29. Nxf7 Qb4 30. Nxe5 a5 31. Bf7 Qe1 32. Nf3
Qd1 33. Bb3 Qxd3 34. Qxa5 Rc1 35. Nd2 Nxe4 36. Kh2 Nxf2 37. Qa7+ Kh6 38.
Qf7 Qf5 39. Qxf5 gxf5 40. Kg3 Ne4+ 41. Kf4 Nc5 42. Bd5 Re1 43. Kxf5 b4 44.
Ng3 b3 45. Nge4 Nxe4 46. Bxe4 b2 47. Kf4 Rd1 48. Nb1 d3 49. Nc3 Rc1 50.
Bxd3 Rxc3 51. Bf5 Rc1 52. Kg4 b1=Q 53. Bxb1 Rxb1 54. Kf4 Rb3 55. g3 Kh5 56.
h4 h6 57. g4+ Kxh4 58. Kf5 Rb6 59. Kf4 Rg6 60. Kf5 Rxg4 { White resigns }
0-1

[Event "ICC tourney 2488 (120 10)"]
[Site "Internet Chess Club"]
[Date "2021.04.03"]
[Round "4"]
[White "Martinez, Abel:abelMZ084"]
[Black "ZHANG, MULAN JIEMIN:Mulan2009"]
[Result "1-0"]
[ICCResult "Black resigns"]
[WhiteElo "1581"]
[BlackElo "1667"]
[Opening "Queen's pawn: stonewall attack"]
[ECO "D00"]
[NIC "QP.08"]
[Time "16:15:45"]
[PlyCount "141"]
[TimeControl "7200+10"]

1. d4 d5 2. e3 Nf6 3. Bd3 e6 4. Nd2 c5 5. c3 Nc6 6. f4 cxd4 7. exd4 Bd6 8.
g3 h5 9. Ngf3 Ng4 10. Ne5 Bxe5 11. fxe5 Qb6 12. Nf3 f6 13. Bg6+ Ke7 14. h3
Nh6 15. Nh4 fxe5 16. dxe5 Rf8 17. Qe2 Kd8 18. Be3 Qa5 19. Rf1 Rxf1+ 20.
Qxf1 Kc7 21. Qf8 b6 22. Qxg7+ Bd7 23. Qxh6 d4 24. Bd2 Qxe5+ 25. Kd1 Qb5 26.
Kc2 Qc4 27. a3 Na5 28. Qf4+ Kb7 29. Be4+ Ka6 30. Qf1 Ba4+ 31. b3 Bxb3+ 32.
Kb2 Qxf1 33. Rxf1 Nc4+ 34. Kc1 Rc8 35. Bd3 Ka5 36. Bxc4 Rxc4 37. Kb2 Ka4
38. Nf3 e5 39. Nxe5 Rc5 40. Rf4 Bg8 41. Rxd4+ Ka5 42. Nd7 Rb5+ 43. Rb4 Rd5
44. Rd4 Rb5+ 45. Kc1 Rb3 46. c4+ Ka4 47. c5+ Kxa3 48. c6 Bh7 49. Kd1 Rxg3
50. c7 Rg8 51. Nf6 Rg1+ 52. Be1 Bf5 53. Nd7 Rg8 54. Bb4+ Kb3 55. Bf8 Rg1+
56. Ke2 Rc1 57. Rb4+ Ka2 58. Ra4+ Kb3 59. Ra3+ Kb2 60. Rxa7 Bxd7 61. Ba3+
Kb1 62. Bxc1 Kxc1 63. Ra8 Bxh3 64. c8=Q+ Bxc8 65. Rxc8+ Kb2 66. Rb8 Kc3 67.
Rxb6 Kd4 68. Rh6 Ke4 69. Rxh5 Kd4 70. Rh3 Ke4 71. Rh4+ { Black resigns }
1-0

[Event "ICC tourney 2488 (120 10)"]
[Site "Internet Chess Club"]
[Date "2021.04.03"]
[Round "4"]
[White "GINZBURG, LIORA:Liopleuradon15"]
[Black "BRUDNO, STEPHEN:StevChess01"]
[Result "1-0"]
[ICCResult "Black resigns"]
[WhiteElo "1507"]
[BlackElo "1661"]
[Opening "King's Indian: orthodox variation"]
[ECO "E94"]
[NIC "KI.15"]
[Time "16:15:42"]
[PlyCount "133"]
[TimeControl "7200+10"]

1. Nf3 Nf6 2. d4 d6 3. c4 g6 4. Nc3 Bg7 5. e4 O-O 6. Be2 e5 7. O-O exd4 8.
Nxd4 Re8 9. f3 Nc6 10. Nc2 Be6 11. Nd5 Bxd5 12. cxd5 Ne5 13. Nd4 a6 14. Be3
Ned7 15. Bf2 Nb6 16. Rc1 Rc8 17. b4 Qe7 18. Re1 Qd7 19. b5 a5 20. a4 Ra8
21. Bf1 Re7 22. Re2 Ne8 23. Ra2 Nc8 24. g3 Bxd4 25. Bxd4 b6 26. Rac2 f6 27.
Bg2 Rf7 28. f4 Ne7 29. Rd2 Ra7 30. e5 fxe5 31. fxe5 dxe5 32. Bxe5 Nd6 33.
Bf3 Nef5 34. Bg4 Qe7 35. Re2 Qf8 36. Rc6 Qd8 37. Qc1 Ne8 38. Rd2 Qg5 39.
Bh3 Qe3+ 40. Rf2 Qxe5 41. Re6 Qxd5 42. Rxe8+ Kg7 43. Bxf5 Rxf5 44. Re7+ Kf6
45. Rxf5+ Qxf5 46. Rxh7 Qe5 47. Qc6+ Kg5 48. Qc1+ Kf6 49. Qf1+ Ke6 50. Qf7+
Kd6 51. Qf8+ Kd5 52. Qd8+ Kc5 53. Qf8+ Qd6 54. Qxd6+ Kxd6 55. Rh6 Kc5 56.
Rxg6 Ra8 57. h4 Rd8 58. Rg4 Rd5 59. Rf4 c6 60. bxc6 Kxc6 61. g4 b5 62.
axb5+ Kxb5 63. h5 a4 64. h6 a3 65. h7 Rd8 66. g5 a2 67. Rf1 { Black resigns
} 1-0